 Dungeon Crawl Stone Soup version 0.25-a0-589-g1e14c549ee (webtiles) character file.

Game seed: 12737929002844502465, levelgen mode: deterministic

92 ipx the Twirler (level 4, -2/26 HPs)
             Began as a Gargoyle Gladiator on Mar 12, 2020.
             Slain by a centaur zombie (5 damage)
             ... on level 4 of the Dungeon.
             The game lasted 00:06:30 (749 turns).

ipx the Twirler (Gargoyle Gladiator)                 Turns: 749, Time: 00:06:31

Health: -2/26      AC:  7    Str: 18    XL:     4   Next: 60%
Magic:  4/4        EV: 12    Int:  9    God:
Gold:   46         SH:  0    Dex: 11    Spells: 3/3 levels left

rFire    . . .     SeeInvis .   a - +0 quarterstaff
rCold    . . .     Gourm    .   (shield currently unavailable)
rNeg     + . .     Faith    .   b - +0 leather armour
rPois    ∞         Spirit   .   q - +0 helmet
rElec    +         Reflect  .   (no cloak)
rCorr    .         Harm     .   (no gloves)
MR       .....                  (no boots)
Stlth    +.........             (no amulet)
HPRegen  0.08/turn              (no ring)
MPRegen  0.09/turn              (no ring)

@: no status effects
A: negative energy resistance 1, electricity resistance, unbreathing,
petrification resistance, rot immunity, AC +3
a: no special abilities


You were on level 4 of the Dungeon.
You were hungry.

You visited 1 branch of the dungeon, and saw 4 of its levels.

You collected 46 gold pieces.

Inventory:

Hand Weapons
 a - a +0 quarterstaff (weapon)
Missiles
 d - 2 throwing nets
 l - 6 atropa-tipped darts (quivered)
 p - 11 poisoned darts
Armour
 b - a +0 leather armour (worn)
 q - a +0 helmet (worn)
Scrolls
 e - a scroll of random uselessness {unknown}
 g - 2 scrolls of teleportation {unknown}
 i - 2 scrolls of remove curse {unknown}
 j - a scroll of identify {unknown}
 k - a scroll of blinking {unknown}
 m - a scroll of immolation {unknown}
 n - a scroll of amnesia {unknown}
Potions
 c - a potion of lignification {unknown}
 h - 2 potions of magic {unknown}
 o - a potion of flight {unknown}
 r - a potion of might {unknown}
Comestibles
 f - 3 rations


   Skills:
 - Level 2.1 Fighting
 + Level 4.8 Staves
 + Level 2.4 Throwing
 - Level 2.4 Dodging


You had 3 spell levels left.
You didn't know any spells.
Your spell library was empty.

Dungeon Overview and Level Annotations

Branches:
Dungeon (4/15)
 Temple: D:4-7

Altars:

Annotations:
D:3 1 transporter, erdraug's ghost, amateur GnAr


Innate Abilities, Weirdness & Mutations

You are resistant to torment.
Your stone body is resilient. (AC +3)
You are immune to poison.
You resist negative energy. (rN+)
You are resistant to electric shocks. (rElec)
You can survive without breathing.
You are immune to petrification.
You are immune to rotting.


Message History

The centaur zombie is heavily damaged.
The centaur zombie hits you but does no damage.
You sock the centaur zombie!
The centaur zombie is almost destroyed.
The centaur zombie hits you.
The centaur zombie completely misses you.
You hit the centaur zombie but do no damage.
The centaur zombie is almost destroyed.
You are feeling hungry.
The centaur zombie misses you.
You hit the centaur zombie.
The centaur zombie is almost destroyed.
The centaur zombie hits you.
* * * LOW HITPOINT WARNING * * *
The centaur zombie hits you.
* * * LOW HITPOINT WARNING * * *
You completely miss the centaur zombie.
The centaur zombie is almost destroyed.
The centaur zombie hits you.
You die...

..# #.# #.#
########.# ####
........<##...
...........####
...............
######Z....#
#..(##@....#
#...##..>..#
#...##.....#
#.<..†.....#
#...##.....#
#...##.....#
#...##.....#
######...(.#
#.....#


You could see a centaur zombie.

Vanquished Creatures
  An iguana (D:4)
  An adder (D:2)
  3 worms (D:2)
  2 dart slugs (D:1)
  4 leopard geckos
  3 orcs (D:3)
  2 ball pythons
  7 bats
  A goblin (D:1)
  4 hobgoblins
  A quokka (D:3)
  A frilled lizard (D:2)
  4 kobolds
  4 rats
38 creatures vanquished.

Notes
Turn   | Place    | Note
-------+----------+-------------------------------------------
     0 | D:1      | ipx the Gargoyle Gladiator began the quest for the Orb.
     0 | D:1      | Reached XP level 1. HP: 12/12 MP: 1/1
    78 | D:1      | Reached XP level 2. HP: 3/17 MP: 2/2
   312 | D:2      | Reached skill level 4 in Staves
   341 | D:2      | Reached XP level 3. HP: 19/21 MP: 3/3
   566 | D:2      | Reached XP level 4. HP: 20/26 MP: 4/4
   629 | D:3      | Noticed erdraug's ghost (amateur GnAr)
   636 | D:3      | Found a transporter.
   749 | D:4      | Slain by a centaur zombie

Levels and vault maps discovered:
D:1:      psy_arrival_dodecagon, layout_rooms, hangedman_decor_push
D:2:      layout_rooms
D:3:      layout_loops_cross, kennysheep_slug_shrine, gammafunk_ghost_arena,
          minmay_rat_hole
D:4:      layout_rooms

Skill      XL: |  1  2  3 |
---------------+----------+-----
Staves         | 4 |  4.8
Throwing       | 2 |  2.4
Fighting       | |  2.1
Dodging        | |  2.4

Action                   |  1- 3 |  4- 6 || total
-------------------------+-------+-------++-------
Melee: Quarterstaff      |   113 |    45 ||   158
Throw: Throwing net      |     3 |       ||     3
       Dart              |     5 |       ||     5
 Stab: Held in net/web   |     5 |       ||     5
       Invisible         |     1 |       ||     1
Armor: Leather armour    |    41 |    18 ||    59
Dodge: Dodged            |    64 |    28 ||    92

Table legend:
 A = Non-vault XP
 B = Vault XP
 C = Vault XP percentage of total XP
 D = Non-vault monster count
 E = Vault monster count
 F = Vault count percentage of total count
                 A         B        C        D         E       F
            +---------+---------+-------+---------+---------+-------
      Total |     132 |       0 |   0.0 |      38 |       0 |   0.0
            +---------+---------+-------+---------+---------+-------
        D:1 |      25 |       0 |   0.0 |      11 |       0 |   0.0
        D:2 |      57 |       0 |   0.0 |      20 |       0 |   0.0
        D:3 |      14 |       0 |   0.0 |       6 |       0 |   0.0
        D:4 |      36 |       0 |   0.0 |       1 |       0 |   0.0
            +---------+---------+-------+---------+---------+-------
